 Dungeon Crawl Stone Soup version 0.26-a0-1132-ge9770dfcb6 (webtiles) character file.

Game seed: 14100167761285184676

25 night the Chiller (level 2, 0/19 HPs)
             Began as a Demonspawn Ice Elementalist on Dec 20, 2020.
             Killed from afar by a dart slug (6 damage)
             ... with a slug dart
             ... on level 2 of the Dungeon.
             The game lasted 00:02:58 (1074 turns).

night the Chiller (Demonspawn Ice Elementalist)     Turns: 1074, Time: 00:02:58

Health: 0/19       AC:  3    Str:  8    XL:     2   Next: 86%
Magic:  10/14      EV: 12    Int: 16    God:
Gold:   26         SH:  0    Dex: 13    Spells: 5/6 levels left

rFire    + . .     SeeInvis .   c - +0 whip
rCold    . . .     Faith    .   (no shield)
rNeg     . . .     Spirit   .   a - +0 robe
rPois    .         Reflect  .   (no helmet)
rElec    .         Harm     .   (no cloak)
rCorr    .         Rampage  .   (no gloves)
Will     .....                  j - +0 pair of boots
Stlth    ++........             (no amulet)
HPRegen  0.06/turn              b - ring of magical power
MPRegen  0.14/turn              (no ring)

@: lethally poisoned (0 -> -13)
A: fire resistance 1
a: no special abilities


You were on level 2 of the Dungeon.
You visited 1 branch of the dungeon, and saw 2 of its levels.

You collected 26 gold pieces.

Inventory:

Hand Weapons
 c - a +0 whip (weapon)
 f - a +0 hunting sling
Missiles
 d - 58 stones
 k - 16 arrows
 o - 37 bolts
Armour
 a - a +0 robe (worn)
 e - a +0 buckler
 j - a +0 pair of boots (worn)
Jewellery
 b - a ring of magical power (left hand)
Scrolls
 l - a scroll of teleportation {unknown}
 m - 2 scrolls of remove curse {unknown}
 n - a scroll of identify {unknown}
 p - 2 scrolls of magic mapping {unknown}
Potions
 g - a potion of haste {unknown}
 h - a potion of heal wounds {unknown}
 i - a potion of lignification {unknown}


   Skills:
 - Level 1.7 Dodging
 - Level 1.7 Stealth
 + Level 2.6 Spellcasting
 + Level 4.0 Ice Magic


You had 5 spell levels left.
You knew the following spells:

 Your Spells              Type           Power        Failure   Level
a - Freeze                Ice            60%          3%          1

Your spell library contained the following spells:

 Spells                   Type           Power        Failure   Level
 Frozen Ramparts          Ice            30%          11%         3
 Ozocubu's Armour         Ice            15%          11%         3
 Hailstorm                Conj/Ice       8%           63%         4
 Summon Ice Beast         Ice/Summ       8%           63%         4


Dungeon Overview and Level Annotations

Branches:
Dungeon (2/15)

Altars:


Innate Abilities, Weirdness & Mutations

Your flesh is heat resistant. (rF+)


Message History

Press: ? - help, Shift-Dir - straight line, f/p - adder
Aim: an adder (moderately wounded, slow)
You freeze the adder.
The adder is heavily wounded.
The adder bites you.
You are poisoned.
The adder poisons you!
Casting: Freeze (safe; 3% risk of failure)
Confirm with . or Enter, or press ? or * to list all spells.
Aiming: Freeze (safe; 3% risk of failure)
Press: ? - help, Shift-Dir - straight line, f/p - adder
Aim: an adder (heavily wounded, slow)
You freeze the adder.
The adder is heavily wounded.
The adder seems to slow down.
You feel sick. The adder bites you.
You are lethally poisoned!
The adder poisons you! The dart slug launches a dart at you.
The slug dart hits you.
You die...

#......#
.......#### #
##.........##
#.###...........#
................#
#.#.......#.....
......(.......#
#....<..#.#####
####.#.@....w..
.........S.####.
.####.#.#..#
..g..#....
...........#..
###............
#..#.........
#....<......


You could see an adder (slow) and a dart slug.

Vanquished Creatures
  An ooze (D:1)
  A ball python (D:1)
  3 giant cockroaches (D:1)
  2 goblins (D:1)
  A hobgoblin (D:1)
  4 kobolds (D:1)
  5 bats (D:1)
  A frilled lizard (D:1)
  2 rats (D:1)
20 creatures vanquished.

Notes
Turn   | Place    | Note
-------+----------+-------------------------------------------
     0 | D:1      | night the Demonspawn Ice Elementalist began the quest for
                  | the Orb.
     0 | D:1      | Reached XP level 1. HP: 13/13 MP: 3/3
   363 | D:1      | Gained mutation: Your flesh is heat resistant. (rF+)
                  | [demonic ancestry]
   363 | D:1      | Reached XP level 2. HP: 19/19 MP: 5/5
   520 | D:1      | Reached skill level 4 in Ice Magic
  1074 | D:2      | Killed from afar by a dart slug

Illustrated notes

Levels and vault maps discovered:
D:1:      saegor_arrival_simple_d, layout_basic, minmay_misc_feat_iff
D:2:      layout_basic

Skill      XL: |  1  2 |
---------------+-------+-----
Ice Magic      | 4 |  4.0
Dodging        | |  1.7
Stealth        | |  1.7
Spellcasting   | |  2.6

Action                   || total
-------------------------++-------
Melee: Whip              ||     7
       Unarmed           ||     1
 Cast: Freeze            ||    29
 Stab: Sleeping          ||     1
       Distracted        ||     1
Armor: Robe              ||     9
Dodge: Dodged            ||    33

Table legend: (Time is in decaauts)
 A = Elapsed time spent in this place.
 B = Non-inter-level travel time spent in this place.
 C = Inter-level travel time spent in this place.
 D = Time resting spent in this place.
 E = Time spent auto-exploring this place.
 F = Levels seen in this place.
 G = Mean time per level.
                   A        B        C        D        E       F      G
               +--------+--------+--------+--------+--------+-----+--------+
         Total |   1074 |   1060 |     14 |    127 |    730 |   2 |  537.0 |
       Dungeon |   1074 |   1060 |     14 |    127 |    730 |   2 |  537.0 |
               +--------+--------+--------+--------+--------+-----+--------+

Top non-repeatable levels by time:
     D:1: 1068 daAuts
     D:2: 5 daAuts
